 Dungeon Crawl Stone Soup version 0.29.1-13-g9f3cf754e1 (webtiles) character file.

Game seed: 14654485617749825308

147 shadowmeld the Insei (level 5, -1/38 HPs)
             Began as a Djinni Transmuter on Jan 31, 2023.
             Constricted to death by Natasha (7 damage)
             ... on level 3 of the Dungeon.
             The game lasted 00:10:58 (3192 turns).

shadowmeld the Insei (Djinni Transmuter)            Turns: 3192, Time: 00:10:59

Health: -1/38      AC:  2    Str:  9    XL:     5   Next: 54%
Gold:   102        EV: 10    Int: 16    God:
                   SH:  0    Dex: 14

rFire   + + .      SeeInvis .     - Unarmed
rCold   x . .      Faith    .   (no shield)
rNeg    . . .      Spirit   .   a - +0 robe
rPois   ∞          Reflect  .   (helmet currently unavailable)
rElec   .          Harm     .   (no cloak)
rCorr   .          Rampage  .   (no gloves)
Will    .....                   (boots unavailable)
Stlth   +.........              (no amulet)
HPRegen 0.12/turn               (no ring)
MPRegen 0.00/turn               (no ring)

@: appendages, grasped by roots, flying, constricted
A: horns 2, flying, sickness immunity, fire resistance 2, cold vulnerability 1,
float, innate caster, HP casting, extra vitality 1
a: End Transformation


You were on level 3 of the Dungeon.
You had temporarily grown beastly horns.
You visited 1 branch of the dungeon, and saw 3 of its levels.

You collected 102 gold pieces.

Inventory:

Armour
 a - a +0 robe (worn)
 d - a +0 helmet (melded)
Scrolls
 c - a scroll of brand weapon {unknown}
 g - 4 scrolls of identify {unknown}
 i - a scroll of vulnerability {unknown}
 j - 2 scrolls of teleportation {unknown}
 m - a scroll of magic mapping {unknown}
 n - a scroll of fear {unknown}
Potions
 b - 5 potions of curing {unknown}
 e - a potion of degeneration {unknown}
 f - a potion of haste {unknown}
 h - a potion of attraction {unknown}
 k - 2 potions of might {unknown}
 l - a potion of lignification
 o - a potion of mutation {unknown}
 p - a potion of heal wounds {unknown}
 q - a potion of ambrosia {unknown}


   Skills:
 * Level 2.1 Fighting
 * Level 3.2 Dodging
 + Level 4.0 Unarmed Combat
 * Level 2.6 Spellcasting


You couldn't memorise any spells.
You knew the following spells:

 Your Spells              Type           Power      Damage    Failure   Level
a - Beastly Appendage     Tmut           20%        N/A       7%          1
b - Wereblood             Tmut           10%        N/A       10%         2
c - Spider Form           Tmut/Pois      10%        N/A       21%         3
d - Ice Form              Ice/Tmut       10%        N/A       54%         4
e - Apportation           Tloc           20%        N/A       7%          1
f - Poisonous Vapours     Pois/Air       20%        N/A       10%         2
Your spell library was empty.

Dungeon Overview and Level Annotations

Branches:
Dungeon (3/15)

Altars:
Fedhas

Annotations:
D:3 Natasha


Innate Abilities, Weirdness & Mutations

You have temporarily grown beastly horns.
You are flying.
You are immune to sickness and miasma.
You are immune to poison.
Your flesh is very heat resistant. (rF++)
You are vulnerable to cold. (rC-)
You float through the air rather than walking.
You learn spells naturally, not from books.
Your magical power is your life essence.
You have superior vitality. (+4 MHP)


Message History

Your horns disappear.
Your +0 helmet unmelds from your body.
Natasha, Servant of Life and Death comes into view.
She is carrying a wand of roots (5).
Natasha moves out of view.
HP restored.
Natasha is nearby!
Natasha zaps a wand.
The roots erupt in riotous growth!
The grasping roots grab you! The grasping roots constrict you.
You hear a shout! x2; You hear an angry hiss.
You hear a shout! x4
You escape the roots grasp.
A goblin comes into view. It is wielding a +0 club.
Casting: Beastly Appendage (safe; 7% risk of failure)
Confirm with . or Enter, or press ? or * to list all spells.
You grow a pair of large bovine horns.
Your +0 helmet melds into your body.
Natasha zaps a wand.
The roots erupt in riotous growth!
The grasping roots grab you! The grasping roots constrict you.
You hear a shout! x2
You escape the roots grasp.
Natasha claws you.
You barely miss Natasha. You headbutt Natasha!
Natasha is heavily wounded.
Natasha zaps a wand.
The roots erupt in riotous growth!
The grasping roots grab you!
Natasha is unaffected.
The grasping roots constrict you.
You miss Natasha.
Natasha is heavily wounded.
Natasha barely misses you. The grasping roots constrict you.
The goblin barely misses you.
You closely miss Natasha.
Natasha is heavily wounded.
Natasha claws you. The grasping roots constrict you.
* * * LOW HITPOINT WARNING * * *
The goblin hits you with a +0 club.
* * * LOW HITPOINT WARNING * * *
You completely miss the goblin. Your punch misses the goblin.
Natasha claws you.
* * * LOW HITPOINT WARNING * * *
The grasping roots constrict you!
You die...

#....#...........#
#
#....####...#....#
.#....#...........#
......#.####.#...##
####..........#####
..#.....###### ##
#.#.....#####..
#...#g#..#........#
#..h@....######..
#........#
#...............
#.......########
#.........
............
..............
..............
.......


You could see Natasha and a goblin.

Vanquished Creatures
  Natasha (twice) (D:3)
  4 adders (D:2)
  3 dart slugs (D:1)
  2 ball pythons
  4 endoplasms
  2 giant cockroaches
  9 hobgoblins
  A quokka (D:2)
  6 bats
  13 frilled lizards
  5 goblins
  3 kobolds
  5 rats
59 creatures vanquished.

Vanquished Creatures (others)
  5 plants (D:1)
5 creatures vanquished.

Grand Total: 64 creatures vanquished

Notes
Turn   | Place    | Note
-------+----------+-------------------------------------------
     0 | D:1      | shadowmeld the Djinni Transmuter began the quest for the
                  | Orb.
     0 | D:1      | shadowmeld set off with the following spells memorised:
                  | Beastly Appendage, Wereblood, Spider Form, Ice Form.
     0 | D:1      | Reached XP level 1. HP: 17/17 MP: 0/0
   313 | D:1      | Reached XP level 2. HP: 5/22 MP: 0/0
   804 | D:1      | Found a faded altar of an unknown god.
   997 | D:1      | Reached XP level 3. HP: 22/27 MP: 0/0
   997 | D:1      | Learned a level 1 spell: Apportation
  1883 | D:2      | Reached XP level 4. HP: 30/32 MP: 0/0
  2424 | D:2      | Found a blossoming altar of Fedhas.
  2757 | D:3      | Reached XP level 5. HP: 33/38 MP: 0/0
  2757 | D:3      | Learned a level 2 spell: Poisonous Vapours
  2853 | D:3      | Noticed Natasha
  2877 | D:3      | Killed Natasha
  3025 | D:3      | Noticed Natasha
  3034 | D:3      | Killed Natasha
  3035 | D:3      | Reached skill level 4 in Unarmed Combat
  3167 | D:3      | Noticed Natasha
  3192 | D:3      | Constricted to death by Natasha

Illustrated notes

Levels and vault maps discovered:
D:1:      sevenhm_arrival_forest_fort_small_6, layout_loops_ring,
          hellmonk_ecumenical_altar_inner_sanctum, minmay_lizard_king
D:2:      layout_loops_cross, basic_altar
D:3:      minmay_general_purpose_star, layout_basic, kennysheep_potato,
          uniq_sigmund, uniq_natasha

Skill      XL: |  1  2  3  4  5 |
---------------+----------------+-----
Spellcasting   | 2 |  2.6
Fighting       | 2 |  2.1
Dodging        | 3 |  3.2
Unarmed Combat | 4 |  4.0

Action                   |  1- 3 |  4- 6 || total
-------------------------+-------+-------++-------
Melee: Unarmed           |   117 |   100 ||   217
       Headbutt          |    19 |    17 ||    36
       Punch             |       |     2 ||     2
 Cast: Beastly Appendage |    18 |    18 ||    36
  Use: Potion            |     1 |       ||     1
 Stab: Sleeping          |     2 |       ||     2
Armor: Robe              |    23 |    17 ||    40
       Skin              |     2 |       ||     2
Dodge: Dodged            |    56 |    70 ||   126
